 Dungeon Crawl Stone Soup version 0.28.0-62-gf88900778d (webtiles) character file.

Game seed: 3987920760693442709

43005 cbfl8 the Severer (level 13, -12/105 HPs)
             Began as a Minotaur Fighter on Feb 13, 2024.
             Was a High Priest of Hepliaklqana.
             Mangled by a wolf spider simulacrum (48 damage)
             ... on level 15 of the Dungeon on Feb 20, 2024.
             The game lasted 00:27:28 (15992 turns).

cbfl8 the Severer (Minotaur Fighter)               Turns: 15992, Time: 00:27:28

Health: -12/105    AC: 26    Str: 20    XL:     13   Next: 88%
Magic:  12/12      EV:  3    Int:  5    God:    Hepliaklqana [*****.]
Gold:   1896       SH: 13    Dex: 16    Spells: 12/12 levels left

rFire   + . .      SeeInvis .   G - +0 broad axe (vamp)
rCold   x . .      Faith    .   D - +0 kite shield
rNeg    . . .      Spirit   .   w - +0 crystal plate armour
rPois   .          Reflect  .   (helmet restricted)
rElec   .          Harm     .   s - +0 cloak
rCorr   .          Rampage  .   c - +0 pair of gloves
Will    .....                   (no boots)
Stlth   ..........              l - amulet of regeneration
HPRegen 1.07/turn               j - ring of fire
MPRegen 0.13/turn               (no ring)

@: studying 2 skills
A: reduced essence, horns 2, retaliatory headbutt
a: Renounce Religion, Recall Ancestor, Ancestor Identity, Transference, Idealise


You were on level 15 of the Dungeon.
You worshipped Hepliaklqana.
Hepliaklqana was extremely pleased with you.
You visited 2 branches of the dungeon, and saw 16 of its levels.

You collected 1896 gold pieces.

Inventory:

Hand Weapons
 G - a +0 vampiric broad axe (weapon)
Armour
 c - a +0 pair of gloves (worn)
 s - a +0 cloak (worn)
 w - a +0 crystal plate armour (worn)
 D - a +0 kite shield (worn)
 K - +0 storm dragon scales
Jewellery
 j - a ring of fire (left hand)
 l - an amulet of regeneration (around neck)
Wands
 b - a wand of mindburst (5)
 o - a wand of flame (10) (quivered)
 r - a wand of iceblast (2)
Scrolls
 a - a scroll of enchant armour {unknown}
 d - 2 scrolls of immolation
 e - a scroll of brand weapon
 g - 3 scrolls of magic mapping
 h - a scroll of noise
 k - 4 scrolls of blinking
 p - 2 scrolls of teleportation
 u - 2 scrolls of fear
 y - a scroll of torment {unknown}
 E - a scroll of fog
 H - a scroll of silence
 I - a scroll of holy word {unknown}
 L - a scroll of acquirement
Potions
 f - 5 potions of haste
 i - a potion of cancellation {unknown}
 m - 2 potions of heal wounds {unknown}
 n - 4 potions of mutation {unknown}
 q - a potion of flight {unknown}
 t - 2 potions of brilliance {unknown}
 v - a potion of resistance {unknown}
 x - 2 potions of ambrosia {unknown}
 z - 3 potions of berserk rage
 A - 2 potions of might
 B - 2 potions of lignification {unknown}
 F - 2 potions of attraction {unknown}
 J - 2 potions of invisibility {unknown}
Miscellaneous
 C - a piece from Xom's chessboard (15/15)


   Skills:
 + Level 11.8 Fighting
 + Level 16.4 Axes
 + Level 13.9 Armour
 + Level 14.7 Shields
 * Level 10.1 Evocations


You had 12 spell levels left.
You didn't know any spells.
Your spell library contained the following spells:

 Spells                   Type           Power      Damage    Failure   Level
 Animate Skeleton         Necr           0%         N/A       100%        1
 Apportation              Tloc           0%         N/A       100%        1
 Shock                    Conj/Air       0%         1d3       100%        1
 Slow                     Hex            0%         N/A       100%        1
 Summon Small Mammal      Summ           0%         N/A       100%        1
 Ensorcelled Hibernation  Hex/Ice        0%         N/A       100%        2
 Passwall                 Tmut/Erth      0%         N/A       100%        2
 Confusing Touch          Hex            0%         N/A       100%        3
 Stone Arrow              Conj/Erth      0%         3d7       100%        3
 Swiftness                Air            0%         N/A       100%        3
 Vampiric Draining        Necr           0%         2d6       100%        3
 Airstrike                Air            0%         N/A       100%        4
 Animate Armour           Summ/Erth      0%         N/A       100%        4
 Alistair's Intoxication  Tmut/Pois      0%         N/A       100%        5
 Lehudib's Crystal Spear  Conj/Erth      0%         10d2      100%        8


Dungeon Overview and Level Annotations

Branches:
Dungeon (15/15)            Temple (1/1) D:6            Lair (0/6) D:11
    Orc (0/2) D:9          Vaults (0/5) D:14         Depths (0/4) D:15

Altars:
Cheibriados
Elyvilon
Hepliaklqana
Makhleb
Nemelex Xobeh
Okawaru
Qazlal
Ru
Uskayaw
Vehumet
Wu Jian
Xom
Yredelemnul
Zin
The Shining One

Shops:
D:5 (   D:14 [

Portals:
Trove: D:15 (give horn of Geryon)

Annotations:
D:4 2 transporters, Jingleheimer's ghost, novice OpTm
D:14 2 transporters, exclusions: obsidian statue and orange crystal statue, cbfl8's ghost, journeyman DsBe; cbfl8's ghost, journeyman MiBe


Innate Abilities, Weirdness & Mutations

Your life essence is reduced to manifest your ancestor. (-10% HP)
You have a pair of horns on your head.
You reflexively headbutt those who attack you in melee.


Message History

A manticore is nearby!
You hit the manticore but do no damage. You block the manticore's attack.
The manticore claws you but does no damage. x2
A wolf spider simulacrum comes into view.
There are monsters nearby!
You barely miss the manticore. You block the manticore's attack. x2
The manticore claws you but does no damage.
There are monsters nearby!
You slice the manticore!! You headbutt the manticore!
The manticore is severely wounded.
You block the manticore's attack. x2
The manticore claws you but does no damage.
Valentine hits the manticore with a +0 quarterstaff!!
The manticore dies!
A wolf spider simulacrum is nearby!
Unknown command.
The wolf spider simulacrum completely misses you.
You block the wolf spider simulacrum's attack.
Unknown command.
You barely miss the wolf spider simulacrum.
Your headbutt misses the wolf spider simulacrum.
The wolf spider simulacrum hits you!
The wolf spider simulacrum freezes you!!
You feel a terrible chill! The wolf spider simulacrum bites you!
The wolf spider simulacrum freezes you!!
You feel a terrible chill!
Valentine gestures at the wolf spider simulacrum while chanting.
The stone arrow hits the wolf spider simulacrum!
You are too injured to fight recklessly!
Unknown command.
Unknown command.
You are too injured to fight recklessly!
Unknown command.
You are too injured to fight recklessly!
You hit the wolf spider simulacrum but do no damage.
The wolf spider simulacrum is heavily damaged.
The wolf spider simulacrum hits you.
The wolf spider simulacrum freezes you!!!
You feel a terrible chill!
You die...

........#
#..................#
#..................#
#..................#
#..................#
#..................#
#..................##
#....Z....#######....
#...@.....# #....
#..###$.R......#
#....
#.....).######.#
#.... #......†# #.#
#.... #.####..# #.#
#.... #..# #.# #....
#..# #.# #.... #..#
#.# #.... #..# #.#
#....


You could see the friendly Valentine the battlemage and a wolf spider simulacrum
(ally target).

Vanquished Creatures
  An ogre mage (D:12)
  4 centaur warriors (D:14)
  3 boulder beetles
  8 two-headed ogres
  2 tengu warriors (D:13)
  A flayed ghost (D:13)
  An orange crystal statue (D:11)
  2 necromancers
  3 deep elf pyromancers
  3 manticores
  3 cyclopes
  5 ugly things
  A guardian mummy (D:15)
  A tengu conjurer (D:12)
  3 meliai (D:11)
  6 trolls
  A tarantella (shapeshifter) (D:14)
  2 hornets
  10 slime creatures
  A shadow (D:6)
  A wyvern (D:6)
  3 vampires
  7 yaks (D:11)
  A basilisk (D:14)
  6 vampire mosquitoes
  2 acid dragons
  An ice beast (D:7)
  3 orc warriors
  A sky beast (shapeshifter) (D:13)
  4 boggarts (D:14)
  A necrophage (D:7)
  5 ogres
  15 centaurs
  6 kobold brigands
  A gnoll sergeant (D:9)
  4 bullfrogs
  2 scorpions
  A wyvern zombie (D:7)
  2 water moccasin zombies
  2 killer bees (D:10)
  3 howler monkeys
  2 bullfrog skeletons
  A hound (D:3)
  2 jellies
  Crazy Yiuf (D:5)
  4 orc priests
  2 centaur skeletons
  Terence (D:3)
  3 iguanas
  10 orc wizards
  Natasha (thrice) (D:4)
  A hound skeleton (D:5)
  4 gnolls (D:9)
  5 adders
  2 white imps
  2 worms
  3 dart slugs
  30 orcs
  5 bats
  2 endoplasms
  A giant cockroach (D:1)
  4 goblins
  4 hobgoblins
  2 jackals (D:3)
  24 kobolds
  4 quokkas
  8 ball pythons
  A frilled lizard (D:3)
  5 rats
268 creatures vanquished.

Vanquished Creatures (collateral kills)
  A hydra (D:14)
  3 two-headed ogres
  4 slime creatures
  2 wizards (D:15)
  A deep elf pyromancer (D:15)
  3 ugly things (D:14)
  2 manticores
  A centaur zombie (D:11)
  An unseen horror (D:13)
  An efreet (D:13)
  Psyche (D:9)
  2 centaur skeletons (D:15)
  2 trolls
  A guardian mummy (D:15)
  A hornet (D:9)
  A vampire (D:11)
  5 yaks (D:11)
  3 wraiths
  A wyvern (D:10)
  A basilisk (D:14)
  2 vampire mosquitoes
  4 orc warriors
  2 ogres (D:9)
  A boggart (D:14)
  3 centaurs
  A kobold brigand (D:9)
  A bullfrog (D:11)
  2 gnoll sergeants (D:9)
  A killer bee (D:10)
  An orc priest (D:12)
  2 orcs (D:12)
57 creatures vanquished.

Vanquished Creatures (others)
  A naga mage (D:15)
  9 battlemagi
  14 fungi
  24 plants (D:11)
48 creatures vanquished.

Grand Total: 373 creatures vanquished

Notes
Turn   | Place    | Note
-------+----------+-------------------------------------------
     0 | D:1      | cbfl8 the Minotaur Fighter began the quest for the Orb.
     0 | D:1      | Reached XP level 1. HP: 19/19 MP: 0/0
   269 | D:1      | Reached XP level 2. HP: 25/27 MP: 1/1
  1151 | D:2      | Reached skill level 1 in Evocations
  1151 | D:2      | Reached XP level 3. HP: 28/33 MP: 2/2
  1968 | D:3      | Reached skill level 3 in Axes
  2287 | D:3      | Noticed Terence
  2294 | D:3      | Killed Terence
  2295 | D:3      | Reached XP level 4. HP: 25/40 MP: 3/3
  3280 | D:3      | Reached XP level 5. HP: 37/46 MP: 4/4
  3281 | D:3      | Reached skill level 5 in Armour
  3529 | D:4      | Noticed Natasha
  3536 | D:4      | Killed Natasha
  3624 | D:4      | Noticed Jingleheimer's ghost (novice OpTm)
  3650 | D:4      | Found a transporter.
  3653 | D:4      | Found a transporter.
  3722 | D:4      | Noticed Natasha
  3727 | D:4      | Killed Natasha
  3728 | D:4      | Reached skill level 4 in Axes
  3891 | D:4      | Reached XP level 6. HP: 52/53 MP: 5/5
  4051 | D:4      | Noticed Natasha
  4054 | D:4      | Killed Natasha
  4055 | D:4      | Reached skill level 5 in Axes
  4363 | D:4      | Found a shimmering altar of Xom.
  4387 | D:4      | Found a snail-covered altar of Cheibriados.
  4512 | D:4      | Found a radiant altar of Vehumet.
  4629 | D:4      | Identified 2 scrolls of acquirement
  4632 | D:4      | Acquired 1008 gold pieces
  4634 | D:4      | Acquired a manual of Shields
  4688 | D:5      | Entered Level 5 of the Dungeon
  4720 | D:5      | Reached XP level 7. HP: 23/60 MP: 6/6
  4981 | D:5      | Reached skill level 6 in Axes
  5010 | D:5      | Found a stormy altar of Qazlal.
  5010 | D:5      | Found a sacrificial altar of Ru.
  5010 | D:5      | Found a sparkling altar of Nemelex Xobeh.
  5104 | D:5      | Found a runed translucent door.
  5105 | D:5      | Noticed Crazy Yiuf
  5141 | D:5      | Found Tateunk's Weapon Shop.
  5335 | D:5      | Killed Crazy Yiuf
  5336 | D:5      | Reached skill level 5 in Fighting
  5336 | D:5      | Reached skill level 5 in Shields
  5396 | D:6      | Noticed a shadow
  5407 | D:6      | Killed a shadow
  5408 | D:6      | Reached XP level 8. HP: 52/68 MP: 7/7
  5465 | D:6      | Reached skill level 7 in Axes
  5782 | D:6      | Found a basalt altar of Yredelemnul.
  5977 | D:6      | Found a staircase to the Ecumenical Temple.
  6001 | D:6      | Noticed a troll
  6012 | D:6      | Killed a troll
  6013 | D:6      | Reached skill level 8 in Axes
  6049 | Temple   | Entered the Ecumenical Temple
  6061 | Temple   | Became a worshipper of Hepliaklqana the Forgotten
  6576 | D:7      | Reached XP level 9. HP: 58/75 MP: 8/8
  6631 | D:7      | Found an ornate altar of the Wu Jian Council.
  6679 | D:7      | Found a glowing silver altar of Zin.
  7154 | D:8      | Reached * piety under Hepliaklqana
  7302 | D:8      | Reached skill level 9 in Axes
  7628 | D:8      | Reached skill level 5 in Evocations
  7911 | D:9      | Noticed a troll
  7919 | D:9      | Killed a troll
  8079 | D:9      | Noticed a two-headed ogre
  8086 | D:9      | Killed a two-headed ogre
  8087 | D:9      | Reached skill level 10 in Axes
  8311 | D:9      | Reached ** piety under Hepliaklqana
  8312 | D:9      | Remembered your ancestor Valentine as a battlemage
  8332 | D:9      | Noticed a two-headed ogre
  8338 | D:9      | Killed a two-headed ogre
  8339 | D:9      | Reached XP level 10. HP: 64/77 MP: 9/9
  8473 | D:9      | Reached skill level 10 in Armour
  8582 | D:9      | Found a staircase to the Orcish Mines.
  8731 | D:9      | Reached skill level 11 in Axes
  9089 | D:9      | Noticed Psyche
  9096 | D:9      | Killed Psyche
  9229 | D:10     | Entered Level 10 of the Dungeon
  9540 | D:10     | Identified the +0 chain mail of Joy {Dex+3}
  9644 | D:10     | Reached *** piety under Hepliaklqana
  9786 | D:10     | Noticed a two-headed ogre
  9786 | D:10     | Noticed a two-headed ogre
  9794 | D:10     | Killed a two-headed ogre
  9796 | D:10     | Killed a two-headed ogre
  9797 | D:10     | Reached XP level 11. HP: 55/84 MP: 10/10
  9999 | D:11     | You fall into a shaft and drop 3 floors!
 10010 | D:14     | Reached skill level 12 in Axes
 10018 | D:14     | Noticed a two-headed ogre
 10019 | D:14     | Noticed a boulder beetle
 10024 | D:14     | Noticed a seven-headed hydra
 10024 | D:14     | Noticed a cyan ugly thing
 10024 | D:14     | Noticed a cyan ugly thing
 10025 | D:14     | Noticed a cyan ugly thing
 10117 | D:14     | Noticed a centaur warrior
 10151 | D:14     | Noticed a purple ugly thing
 10151 | D:14     | Noticed a purple ugly thing
 10151 | D:14     | Noticed a purple ugly thing
 10206 | D:14     | Killed a centaur warrior
 10308 | D:12     | Noticed a two-headed ogre
 10309 | D:12     | Noticed a white ugly thing
 10322 | D:13     | Killed a two-headed ogre
 10516 | D:13     | Noticed a deep elf pyromancer
 10521 | D:13     | Killed a deep elf pyromancer
 10548 | D:13     | Noticed a tengu warrior
 10548 | D:13     | Noticed a tengu warrior
 10561 | D:13     | Killed a tengu warrior
 10561 | D:13     | Killed a tengu warrior
 10562 | D:13     | Reached skill level 10 in Shields
 10880 | D:12     | Noticed an ogre mage
 10906 | D:11     | Noticed an orange crystal statue
 11053 | D:11     | Reached skill level 13 in Axes
 11089 | D:11     | Noticed a two-headed ogre
 11096 | D:11     | Killed a two-headed ogre
 11101 | D:11     | Reached XP level 12. HP: 81/94 MP: 11/11
 11345 | D:11     | Found a staircase to the Lair.
 11674 | D:11     | Noticed a boulder beetle
 11774 | D:12     | Noticed a two-headed ogre
 11783 | D:12     | Killed a two-headed ogre
 11790 | D:12     | Reached **** piety under Hepliaklqana
 12311 | D:11     | Reached skill level 14 in Axes
 12323 | D:12     | Noticed a two-headed ogre
 12323 | D:12     | Noticed a two-headed ogre
 12338 | D:11     | Killed a two-headed ogre
 12339 | D:11     | Reached skill level 10 in Fighting
 12463 | D:11     | Killed a two-headed ogre
 12616 | D:12     | Paralysed by an ogre mage for 6 turns
 12642 | D:12     | Killed an ogre mage
 13324 | D:13     | Noticed a boulder beetle
 13338 | D:13     | Killed a boulder beetle
 13483 | D:13     | Noticed a boulder beetle
 13502 | D:13     | Killed a boulder beetle
 13739 | D:13     | Reached skill level 15 in Axes
 13827 | D:13     | Reached XP level 13. HP: 73/102 MP: 12/12
 14180 | D:14     | Found a transporter.
 14240 | D:14     | HP: 4/103 [large slime creature (27)]
 14600 | D:14     | Noticed cbfl8's ghost (journeyman DsBe)
 14680 | D:14     | Found a transporter.
 14681 | D:14     | Found the +7 great mace "Firestarter" {inner flame, rF++}
 14690 | D:14     | Noticed cbfl8's ghost (journeyman MiBe)
 14767 | D:14     | Found a gate to the Vaults.
 14807 | D:14     | Found Uxoh's Armour Emporium.
 14909 | D:14     | Found a white marble altar of Elyvilon.
 14923 | D:14     | Identified the +3 dagger of Exhibitionism {elec, rN+ Int+4}
 14949 | D:14     | Reached skill level 16 in Axes
 15411 | D:15     | Entered Level 15 of the Dungeon
 15452 | D:15     | Reached ***** piety under Hepliaklqana
 15597 | D:15     | Found a portal to a secret trove of treasure.
 15857 | D:15     | Reached skill level 10 in Evocations
 15879 | D:15     | Found a staircase to the Depths.
 15992 | D:15     | Mangled by a wolf spider simulacrum

Illustrated notes

Levels and vault maps discovered:
D:1:      minmay_arrival_radiant_lines, layout_loops_cross,
          chequers_serial_rivers_micro_c
D:2:      layout_loops_corners
D:3:      layout_basic, serial_co_window_serial, co_window_of_opportunity_a,
          co_window_paths_b, co_window_paths_a, co_window_paths_a,
          co_window_corner_a, co_window_corner_a, co_window_corner_a,
          co_window_broadway_c, co_window_2corner, co_window_of_opportunity_b,
          co_window_2corner, co_window_corner_b, co_window_4corner_b,
          glass_columns_c, uniq_terence
D:4:      layout_layer_cave, cheibrodos_worm_habitat, kennysheep_little_box,
          nicolae_overflow_crystal_walls, gammafunk_ghost_arena,
          minmay_manual_mullet, uniq_natasha
D:5:      layout_rooms, gammafunk_temple_overflow_forgotten, serial_shops,
          nicolae_shop_bloodbath_and_beyond, uniq_crazy_yiuf_cottage
D:6:      layout_basic, mainiacjoe_overflow_small_starburst,
          minmay_temple_entry_waves
D:7:      layout_gridville, kennysheep_mini, zin_academy
D:8:      layout_loops_corners
D:9:      layout_irregular_city, kennysheep_orc_monster_closet_entryway,
          uniq_psyche
D:10:     layout_roguey, grunt_decor_one_mirror
D:11:     layout_gridville, grunt_lair_entry_orc_guard_hut, minmay_statue_bubble
D:12:     layout_cave_pools
D:13:     layout_basic, kb_rosetta
D:14:     layout_loops_corners, david_vaults_1, elyvilon_altar_1, serial_shops,
          kennysheep_mini_moat, nzn_ghost_randoct, drop_trap, roderic_lattice_a,
          dk_noncrumbling_4
D:15:     grunt_enter_depths_magical_seal, layout_long_grid,
          nicolae_trove_entry_path_of_doom
Temple:   nicolae_temple_god_jail

Skill      XL: |  1  2  3  4  5  6  7  8  9 10 11 12 13 |
---------------+----------------------------------------+-----
Shields        | 4 5 7 8 11 12 14 | 14.7
Armour         | 4 5 6 8 9 11 12 13 | 13.9
Fighting       | 4 5 6 7 8 9 10 11 | 11.8
Evocations     | 1 2 3 4 5 6 7 9 10 | 10.1
Axes           | 3 4 5 6 8 10 11 13 15 16 | 16.4

Action                   |  1- 3 |  4- 6 |  7- 9 | 10-12 | 13-15 || total
-------------------------+-------+-------+-------+-------+-------++-------
Melee: War axe           |    84 |   100 |   196 |   243 |       ||   623
       Headbutt          |     8 |    13 |    32 |    94 |    60 ||   207
       Broad axe         |       |       |       |   113 |   200 ||   313
Invok: Ancestor Life: Ba |       |       |     1 |       |       ||     1
       Ancestor Identity |       |       |     1 |       |       ||     1
       Recall Ancestor   |       |       |       |     3 |       ||     3
Evoke: Wand              |       |       |       |    20 |       ||    20
  Use: Scroll            |     1 |     5 |     4 |    12 |     1 ||    23
       Potion            |       |       |     1 |     8 |     1 ||    10
 Stab: Distracted        |       |       |     1 |    12 |     6 ||    19
Armor: Scale mail        |    43 |    41 |    46 |       |       ||   130
       Chain mail        |       |       |    30 |       |       ||    30
       Crystal plate arm |       |       |    16 |   293 |   190 ||   499
Dodge: Dodged            |    36 |    57 |    69 |    59 |    27 ||   248
Block: Buckler           |    17 |    24 |    49 |    18 |       ||   108
       Kite shield       |       |       |       |   210 |   137 ||   347
